 Dungeon Crawl Stone Soup version 0.25.1-2-g60ff931df9 (webtiles) character file.

Game seed: 694464132339878767

221 DogServant the Ruffian (level 5, -14/67 HPs)
             Began as a Naga Transmuter on Oct 19, 2020.
             Was an Initiate of Cheibriados.
             Demolished by Pikel
             ... wielding a +1 whip of electrocution
              (20 damage)
             ... on level 4 of the Dungeon.
             The game lasted 00:06:54 (5768 turns).

DogServant the Ruffian (Naga Transmuter)            Turns: 5768, Time: 00:06:56

Health: -14/67     AC: 22    Str: 14      XL:     5   Next: 98%
Magic:  7/8        EV:  1    Int: 19 (20) God:    Cheibriados [......]
Gold:   238        SH:  0    Dex: 13      Spells: 5/8 levels left

rFire    . . .     SeeInvis +     - Unarmed
rCold    + . .     Gourm    .   (no shield)
rNeg     + + +     Faith    .   (armour currently unavailable)
rPois    +         Spirit   .   (helmet currently unavailable)
rElec    .         Reflect  .   (cloak currently unavailable)
rCorr    .         Harm     .   (gloves currently unavailable)
MR       .....     NoTele   +   (no barding)
Stlth    +.........             (no amulet)
HPRegen  0.21/turn              f - +6 ring of intelligence
MPRegen  0.11/turn              p - ring of protection from cold

@: tree-form, very slow
A: large, see invisible, slow metabolism 1, spit poison 1, AC +1
a: Spit Poison, Bend Time, Renounce Religion


You were on level 4 of the Dungeon.
You worshipped Cheibriados.
Cheibriados was noncommittal.
You were very hungry.
You were a tree.
You visited 2 branches of the dungeon, and saw 6 of its levels.

You collected 238 gold pieces.

Inventory:

Missiles
 a - 36 arrows
 e - 9 poisoned darts (quivered)
 g - a throwing net
 t - 6 javelins
Armour
 b - a +0 robe (melded)
 c - a +0 naga barding (melded)
 r - the +7 chain mail "Xiwnezuu" {rPois rN++}
   (You found it on level 4 of the Dungeon)

   It protects you from poison.
   It greatly protects you from negative energy.
Jewellery
 f - a +6 ring of intelligence (left branch)
 p - a ring of protection from cold (right branch)
Scrolls
 j - 2 scrolls of amnesia
 m - a scroll of immolation {unknown}
 n - 4 scrolls of teleportation
 o - a scroll of remove curse
 s - a scroll of identify
Potions
 h - 2 potions of brilliance
 l - a potion of lignification
 q - a potion of cancellation
Comestibles
 d - 6 rations


   Skills:
 - Level 2.1 Fighting
 - Level 1.5 Dodging
 + Level 5.0 Unarmed Combat
 - Level 2.0 Spellcasting
 + Level 3.9 Transmutations


You had 5 spell levels left.
You knew the following spells:

 Your Spells              Type           Power        Failure   Level  Hunger
a - Beastly Appendage     Tmut           ###...       3%          1    #......
b - Sticks to Snakes      Tmut           ###.....     4%          2    ###....

Your spell library contained the following spells:

 Spells                   Type           Power        Failure   Level  Hunger
 Magic Dart               Conj           #...         17%         1    #......
 Spider Form              Tmut/Pois      #.........   22%         3    ###....
 Searing Ray              Conj           #.....       26%         2    ###....
 Dazzling Flash           Conj/Hex       #.....       45%         3    ###....
 Ice Form                 Ice/Tmut       #.......     58%         4    #####..
 Blade Hands              Tmut           ###.......   67%         5    ######.
 Fulminant Prism          Conj/Hex       #.........   86%         4    #####..
 Iskenderun's Mystic Bla  Conj/Tloc      #.......     86%         4    #####..


Dungeon Overview and Level Annotations

Branches:
Dungeon (5/15)             Temple (1/1) D:4

Altars:
Ashenzari
Cheibriados
Fedhas
Gozag
Kikubaaqudgha
Ru
Trog
Vehumet
Wu Jian
Xom
Yredelemnul
The Shining One

Annotations:
D:4 Pikel


Innate Abilities, Weirdness & Mutations

You cannot wear boots.
((Your serpentine skin is tough. (AC +1)))
You have supernaturally acute eyesight. (SInv)
((Armour fits poorly on your strangely shaped body.))
((Your system is resistant to poisons. (rPois)))
((You cover ground very slowly.))
You have a slow metabolism.
You can spit poison.


Message History

Okay, then.
Unknown command.
Okay, then.
It was a potion of flight.
You feel very buoyant.
You fly up into the air.
You have got your breath back.
The slave hits you.
* * * LOW HITPOINT WARNING * * *
Pikel hits you with a +1 whip of electrocution.
* * * LOW HITPOINT WARNING * * *
The slave hits you but does no damage.
It was a potion of lignification.
Your horns disappear.
You turn into a tree.
Your +0 naga barding melds into your body.
Your +0 robe melds into your body.
Your roots penetrate the ground.
The slave hits you but does no damage. Pikel hits you but does no damage.
You are electrocuted!!
You die...

#..# #................# #.###.
#..# ###..#.....###....###.# ##
#..## ##.......#..###....##..###.
##..###.###........##............
##....## ##.###......###........
##..## ### ##".##(# ##.......
#### ###....### #####... #.#.K..#
##.. ##### ##.p♣..## ##..
#####...#####..p#### ########...
##.............## ##...#.....#
................# #.........##
#######.........## ##.#########
#.....###..####..# ### ##.....#
###..##..# ##.. ######......##
##.....#### ##..# .............##
#.<......###..##


You could see Pikel and 2 slaves.

Vanquished Creatures
  A hound (D:4)
  Natasha (twice) (D:3)
  2 worker ants (D:4)
  A gnoll (D:3)
  2 adders
  2 oozes (D:1)
  A worm (D:3)
  2 dart slugs
  2 leopard geckos
  5 giant cockroaches
  7 goblins
  3 hobgoblins (D:1)
  A ball python (D:1)
  11 bats
  5 frilled lizards
  5 kobolds
  4 rats
56 creatures vanquished.

Vanquished Creatures (others)
  Natasha (D:3)
  3 gnolls (D:3)
  A dart slug (D:3)
5 creatures vanquished.

Grand Total: 61 creatures vanquished

Notes
Turn   | Place    | Note
-------+----------+-------------------------------------------
     0 | D:1      | DogServant the Naga Transmuter began the quest for the Orb.
     0 | D:1      | Reached XP level 1. HP: 18/18 MP: 3/3
   279 | D:1      | Reached XP level 2. HP: 25/25 MP: 3/5
   802 | D:1      | Reached XP level 3. HP: 19/32 MP: 6/6
   993 | D:1      | Learned a level 2 spell: Sticks to Snakes
  1874 | D:2      | Reached XP level 4. HP: 25/39 MP: 5/7
  1998 | D:2      | Reached skill level 4 in Unarmed Combat
  2129 | D:2      | Found a glowing golden altar of the Shining One.
  2429 | D:2      | Found an opulent altar of Gozag.
  2632 | D:3      | Found a radiant altar of Vehumet.
  2646 | D:3      | HP: 1/39 [gnoll/+0 flail (5)]
  3264 | D:3      | Noticed Natasha
  3275 | D:3      | Killed Natasha
  3626 | D:3      | Reached XP level 5. HP: 42/45 MP: 6/8
  3688 | D:3      | Noticed Natasha
  3704 | D:3      | Killed Natasha
  3719 | D:3      | Killed Natasha
  4047 | D:3      | Found a radiant altar of Vehumet.
  4580 | D:4      | Got a brightly glowing chain mail
  4583 | D:4      | Identified the +7 chain mail "Xiwnezuu" {rPois rN++} (You
                  | found it on level 4 of the Dungeon)
  4771 | D:4      | Found a staircase to the Ecumenical Temple.
  4780 | Temple   | Entered the Ecumenical Temple
  4850 | Temple   | Became a worshipper of Cheibriados the Contemplative
  5364 | D:4      | Reached skill level 5 in Unarmed Combat
  5758 | D:5      | Entered Level 5 of the Dungeon
  5758 | D:5      | Noticed Pikel
  5758 | D:5      | Noticed a slave
  5758 | D:5      | Noticed a slave
  5758 | D:5      | Noticed a slave
  5758 | D:5      | Noticed a slave
  5768 | D:4      | Demolished by Pikel

Illustrated notes

Levels and vault maps discovered:
D:1:      ebering_trefoil_twist, layout_rooms
D:2:      layout_loops_corners, lemuel_round_altar,
          nicolae_overflow_hidden_temple
D:3:      layout_loops_ring, fiery_altar_vehumet, uniq_natasha
D:4:      layout_layer_cave, minmay_temple_entry_sparse_star
D:5:      layout_loops_cross, led_sif_book, okawaru_ov_weapons_minmay,
          lemuel_coloured_pillars_altar, first_ration, serial_shops,
          nicolae_shop_stone, shop_fountains, kennysheep_mini, uniq_pikel
Temple:   jpeg_temple_island

Skill      XL: |  1  2  3  4  5 |
---------------+----------------+-----
Fighting       | 2 |  2.1
Unarmed Combat | 4 5 |  5.0
Transmutations | 3 |  3.9
Dodging        | |  1.5
Spellcasting   | |  2.0

Action                   |  1- 3 |  4- 6 || total
-------------------------+-------+-------++-------
Melee: Unarmed           |    71 |    88 ||   159
       Headbutt          |     1 |     6 ||     7
       Punch             |       |     3 ||     3
Throw: Dart              |     5 |     2 ||     7
 Cast: Beastly Appendage |    10 |    12 ||    22
 Abil: Spit Poison       |    18 |    13 ||    31
  Use: Scroll            |       |    10 ||    10
       Potion            |       |     6 ||     6
 Stab: Sleeping          |       |     1 ||     1
  Eat: Chunk             |     3 |     4 ||     7
       Ration            |       |     2 ||     2
Armor: Robe              |    30 |    54 ||    84
       Skin              |       |     2 ||     2
Dodge: Dodged            |    68 |    58 ||   126
